 Dungeon Crawl Stone Soup version 0.19.0-16-g73b5abf (webtiles) character file.

3862 RKaid the Basher (level 10, -4/63 HPs)
             Began as a Gargoyle Fighter on Nov 10, 2016.
             Was a Follower of Cheibriados.
             Slain by a black mamba (10 damage)
             ... on level 1 of the Lair of Beasts.
             The game lasted 00:24:28 (8535 turns).

RKaid the Basher (Gargoyle Fighter)                 Turns: 8535, Time: 00:24:29

Health: -4/63      AC: 22    Str: 21    XL:     10   Next: 18%
Magic:  13/13      EV:  8    Int: 13    God:    Cheibriados [*.....]
Gold:   325        SH:  0    Dex: 13    Spells: 1 memorised, 13 levels left

rFire  . . .     SeeInvis .     L - +0 morningstar (curse)
rCold  . . .     Gourm    .     p - +3 chain mail
rNeg   + . .     Faith    .     (no shield)
rPois  ∞         Spirit   .     (helmet restricted)
rElec  +         Reflect  .     y - +0 cloak
rCorr  .         Harm     .     (no gloves)
MR     +....                    (no boots)
Stlth  ..........               (no amulet)
                                I - ring of protection from magic {MR+, !d}
                                B - ring of stealth {Stlth+}

@: very slow
A: antennae 1, negative energy resistance 1, regeneration 1, electricity
resistance, unbreathing, petrification resistance, rot immunity, MP-powered
wands, AC +7
a: Bend Time, Renounce Religion


You were on level 1 of the Lair of Beasts.
You worshipped Cheibriados.
Cheibriados was aware of your devotion.
You were not hungry.

You visited 3 branches of the dungeon, and saw 11 of its levels.
You also visited: Sewer.

You collected 325 gold pieces.

Inventory:

Hand Weapons
 b - a +0 vampiric whip {!w}
   (You took it off a kobold on level 1 of the Dungeon)
 G - a +0 hand crossbow
   (You took it off a kobold in a sewer)
 L - a cursed +0 morningstar (weapon)
   (You took it off a wight on level 6 of the Dungeon)
Missiles
 u - 2 throwing nets {=f, !d}
 H - 82 bolts
Armour
 p - a +3 chain mail (worn)
   (You found it on level 2 of the Dungeon)
 y - a +0 cloak (worn)
   (You took it off Crazy Yiuf on level 3 of the Dungeon)
Jewellery
 d - an uncursed ring of positive energy {rN+}
   (You found it on level 4 of the Dungeon)
 B - a ring of stealth (left hand) {Stlth+}
   (You found it on level 4 of the Dungeon)
 D - an uncursed ring of ice {rC+, rF-}
   (You found it on level 5 of the Dungeon)
 I - a ring of protection from magic (right hand) {MR+, !d}
   (You found it on level 6 of the Dungeon)
Wands
 a - a wand of enslavement (11/24)
   (You found it on level 6 of the Dungeon)
 M - a wand of polymorph (11/24)
   (You found it on level 5 of the Dungeon)
Scrolls
 e - a scroll of recharging {unknown}
 n - 2 scrolls of remove curse
 q - a scroll of teleportation
 v - 5 scrolls of magic mapping {!r}
 J - a scroll of blinking {unknown}
 K - a scroll of immolation {unknown}
Potions
 g - 5 potions of brilliance
 h - 4 potions of curing
 k - a potion of magic
 o - 2 potions of heal wounds
 s - 3 potions of mutation {unknown}
 t - a potion of resistance {unknown}
 C - 4 potions of might
 E - a potion of agility {unknown}
 F - 2 potions of flight
Comestibles
 f - 5 bread rations
 m - 4 chunks of flesh
 r - 5 meat rations


   Skills:
 + Level 7.0 Fighting
 + Level 10.5 Maces & Flails
 - Level 8.4 Armour
   Level 4.3 Shields
 - Level 2.5 Spellcasting


You had 13 spell levels left.
You knew the following spells:

 Your Spells              Type           Power        Failure   Level  Hunger
A - Animate Skeleton      Necr           N/A          99%         1    #......


Dungeon Overview and Level Annotations

Branches:
Dungeon (9/15)             Temple (1/1) D:5            Lair (1/6) D:8
    Orc (0/2) D:9

Altars:
Ashenzari
Cheibriados
Dithmenos
Elyvilon
Fedhas
Gozag
Hepliaklqana
Kikubaaqudgha
Makhleb
Nemelex Xobeh
Okawaru
Qazlal
Ru
Sif Muna
Trog
Uskayaw
Vehumet
Xom
Yredelemnul
Zin
The Shining One

Shops:
D:6 %

Annotations:
D:3 Jurt's ghost, amateur DsFi


Innate Abilities, Weirdness & Mutations

You are resistant to torment.
Your stone body is resilient. (AC +7)
You are immune to poison.
You resist negative energy. (rN+)
You are resistant to electric shocks. (rElec)
You can survive without breathing.
You are immune to petrification.
You are immune to rotting.
You have a pair of small antennae on your head.
Your natural rate of healing is unusually fast.
You expend magic power (3 MP) to strengthen your wands.


Message History

You drop a +0 helmet.
What are your orders? t - Shout!
Orders for allies: a - Attack new target. r - Retreat! s - Stop attacking. g - Guard the area. f - Follow me.
Anything else - Cancel.
Okay, then.
As you read the scroll of identify, it crumbles to dust.
F - 2 potions of flight
As you read the scroll of identify, it crumbles to dust.
x - 2 potions of cure mutation Drop what? 33/52 slots (_ for help) (? for menu, Esc to quit)
You drop 2 potions of cure mutation {!q}.
Found a stone staircase leading down.
You open the door.
A crocodile comes into view.
You hit the crocodile but do no damage.
The crocodile bites you but does no damage.
You hit the crocodile but do no damage.
The crocodile bites you but does no damage.
You thump the crocodile!
The crocodile bites you but does no damage.
You barely miss the crocodile.
The crocodile bites you but does no damage.
You hit the crocodile.
The crocodile bites you but does no damage.
You barely miss the crocodile.
The crocodile bites you but does no damage.
You hit the crocodile but do no damage.
The crocodile bites you but does no damage.
You puncture the crocodile! The crocodile bites you!
You puncture the crocodile!
You kill the crocodile!
Cheibriados appreciates the change of pace.
Your Fighting skill increases to level 7!
There is an open door, spattered with blood here.
You see here a crocodile corpse.
A black mamba comes into view.
A crocodile comes into view.
The black mamba bites you.
You see here a potion of brilliance.
You closely miss the black mamba.
The black mamba bites you but does no damage.
You closely miss the black mamba.
The black mamba bites you but does no damage.
The black mamba completely misses you.
You closely miss the black mamba. The black mamba bites you! x2
The black mamba barely misses you.
The black mamba bites you but does no damage.
The black mamba barely misses you. The black mamba misses you.
You puncture the black mamba!
The black mamba bites you but does no damage.
The black mamba bites you.
The black mamba bites you but does no damage.
The black mamba bites you. The black mamba barely misses you.
The crocodile bites you but does no damage.
The black mamba bites you. The black mamba bites you.
The black mamba closely misses you.
The black mamba bites you but does no damage.
The black mamba bites you.
The black mamba bites you but does no damage.
The black mamba closely misses you. The black mamba bites you!
The black mamba bites you. The black mamba closely misses you.
The black mamba bites you. The crocodile bites you.
The black mamba closely misses you. The black mamba barely misses you.
The black mamba bites you but does no damage.
The black mamba bites you.
* * * LOW HITPOINT WARNING * * *
The black mamba bites you but does no damage.
The crocodile bites you but does no damage.
The black mamba bites you!
* * * LOW HITPOINT WARNING * * *
Okay, then.
Okay, then.
Okay, then.
As you read the scroll of fear, it crumbles to dust.
You assume a fearsome visage.
The crocodile looks frightened!
The black mamba looks frightened!
Cornered, the black mamba turns to fight!
You hear a blaring wail to the east.
The black mamba misses you.
You hear a croak.
You closely miss the black mamba.
The black mamba bites you but does no damage.
The black mamba closely misses you.
You hit the black mamba but do no damage.
The black mamba bites you but does no damage.
You closely miss the black mamba.
The black mamba bites you but does no damage.
The black mamba closely misses you.
You miss the black mamba. The black mamba barely misses you.
The black mamba bites you but does no damage.
You bludgeon the black mamba!! The black mamba bites you!
* * * LOW HITPOINT WARNING * * *
The black mamba bites you!
You die...

### ###
######P#############.########
..!<.......(....@S...........
........#######.#.###........
........# #######........
........# #.........
#..#P...# ##........
#######.# #..#...## # #.#
##### ### #..#..... #
#.###P#.###.###..#..... #
#................#.....


You could see a black mamba.

Vanquished Creatures
  A two-headed ogre (D:8)
  Sigmund (D:3)
  2 hell hounds (D:8)
  2 water moccasins (D:8)
  An ice beast (D:7)
  A sky beast (D:7)
  A necrophage (D:8)
  2 ogres (D:8)
  2 phantoms
  3 centaurs
  A crocodile (Lair:1)
  3 big kobolds (Sewer)
  Blork the orc (D:5)
  2 bullfrogs
  3 scorpions
  4 killer bees (D:8)
  4 wights
  A howler monkey (D:3)
  3 electric eels (D:8)
  A centaur zombie (D:5)
  A crimson imp (D:8)
  Crazy Yiuf (D:3)
  3 hounds
  5 orc priests
  A bullfrog skeleton (D:5)
  Natasha (thrice) (D:4)
  An iguana (D:7)
  6 orc wizards
  6 worker ants
  8 gnolls
  A howler monkey skeleton (D:5)
  11 adders
  2 shadow imps
  5 oozes
  A worm (D:4)
  2 dart slugs
  3 leopard geckos
  20 orcs
  7 bats
  7 giant cockroaches
  7 goblins
  9 hobgoblins
  9 jackals
  3 quokkas
  2 ball pythons (Sewer)
  A ball python skeleton (D:4)
  9 frilled lizards
  21 kobolds
  2 quokka skeletons
  18 rats
214 creatures vanquished.

Vanquished Creatures (others)
  3 plants (D:8)
3 creatures vanquished.

Grand Total: 217 creatures vanquished

Notes
Turn   | Place    | Note
-------+----------+-------------------------------------------
     0 | D:1      | RKaid the Gargoyle Fighter began the quest for the Orb.
     0 | D:1      | Reached XP level 1. HP: 14/14 MP: 1/1
    39 | D:1      | Reached XP level 2. HP: 19/19 MP: 2/2
   129 | D:1      | Reached skill level 3 in Maces & Flails
   196 | D:1      | Reached XP level 3. HP: 23/23 MP: 4/4
   658 | D:2      | Reached skill level 1 in Spellcasting
   840 | D:2      | Reached XP level 4. HP: 28/28 MP: 4/6
  1470 | D:2      | Reached skill level 4 in Maces & Flails
  1824 | D:3      | Found a runed door.
  1903 | D:3      | Found a glowing golden altar of the Shining One.
  1912 | D:3      | Reached skill level 2 in Spellcasting
  1936 | D:3      | Reached XP level 5. HP: 32/32 MP: 8/8
  2220 | D:3      | Noticed Jurt's ghost (amateur DsFi)
  2221 | D:3      | Noticed Sigmund
  2704 | D:3      | Noticed Crazy Yiuf
  2721 | D:3      | Killed Crazy Yiuf
  2721 | D:3      | Reached skill level 5 in Maces & Flails
  2721 | D:3      | Reached XP level 6. HP: 37/37 MP: 9/9
  2812 | D:3      | Killed Sigmund
  2812 | D:3      | Reached skill level 4 in Shields
  3073 | D:3      | Reached XP level 7. HP: 12/41 MP: 10/10
  3419 | D:4      | Noticed Natasha
  3433 | D:4      | Killed Natasha
  3433 | D:4      | Reached skill level 6 in Maces & Flails
  3433 | D:4      | Reached skill level 4 in Armour
  3461 | D:4      | Noticed Natasha
  3873 | D:4      | Killed Natasha
  4262 | D:4      | Noticed Natasha
  4269 | D:4      | Killed Natasha
  4470 | D:4      | Found a white marble altar of Elyvilon.
  4470 | D:4      | Found a bloodstained altar of Trog.
  4506 | D:5      | Entered Level 5 of the Dungeon
  4518 | D:5      | Reached skill level 5 in Armour
  4689 | D:5      | Reached XP level 8. HP: 43/46 MP: 11/11
  4799 | D:5      | Noticed Blork the orc
  4821 | D:5      | Killed Blork the orc
  4821 | D:5      | Reached skill level 7 in Maces & Flails
  4859 | D:5      | Found a staircase to the Ecumenical Temple.
  4952 | Temple   | Entered the Ecumenical Temple
  5065 | D:5      | Reached skill level 6 in Armour
  5306 | D:6      | Found Raocamm's Food Emporium.
  5355 | D:6      | Found a glowing drain.
  5362 | Sewer    | Entered a sewer
  5848 | D:6      | Found a radiant altar of Vehumet.
  5906 | D:6      | Reached skill level 7 in Armour
  6019 | D:5      | Reached skill level 8 in Maces & Flails
  6494 | D:7      | Reached XP level 9. HP: 51/51 MP: 12/12
  6633 | D:7      | Reached skill level 8 in Armour
  6695 | D:7      | Gained mutation: You have a pair of small antennae on your head. [mutagenic meat]
  6696 | D:7      | Gained mutation: Your natural rate of healing is unusually fast. [mutagenic meat]
  6697 | D:7      | Gained mutation: You expend magic power (3 MP) to strengthen your wands. [mutagenic meat]
  6959 | D:7      | Found a sacrificial altar of Ru.
  7231 | D:8      | Reached skill level 9 in Maces & Flails
  7316 | D:8      | Reached skill level 4 in Fighting
  7320 | D:8      | HP: 8/52 [orc priest/divine providence (8)]
  7585 | D:8      | Found a staircase to the Lair.
  7620 | D:9      | Found a staircase to the Orcish Mines.
  7639 | D:8      | Found a sacrificial altar of Ru.
  7653 | D:8      | Reached skill level 5 in Fighting
  7669 | D:8      | Noticed a two-headed ogre
  7691 | D:8      | Killed a two-headed ogre
  7789 | D:8      | Found a snail-covered altar of Cheibriados.
  7793 | D:8      | Became a worshipper of Cheibriados the Contemplative
  7863 | D:8      | Reached skill level 10 in Maces & Flails
  7911 | D:8      | Reached skill level 6 in Fighting
  7976 | D:8      | Reached XP level 10. HP: 58/61 MP: 13/13
  8182 | D:8      | Reached * piety under Cheibriados
  8445 | Lair:1   | Entered Level 1 of the Lair of Beasts
  8473 | Lair:1   | Learned a level 1 spell: Animate Skeleton
  8502 | Lair:1   | Reached skill level 7 in Fighting
  8504 | Lair:1   | Noticed a black mamba
  8526 | Lair:1   | HP: 14/63 [black mamba (6)]
  8535 | Lair:1   | HP: 6/63 [black mamba (7)]
  8535 | Lair:1   | Slain by a black mamba

Skill      XL: |  1  2  3  4  5  6  7  8  9 10 |
---------------+-------------------------------+-----
Maces & Flails | 3 4 5 6 8 10 | 10.5
Spellcasting   | 1 2 |  2.5
Shields        | 4 |  4.3
Armour         | 5 7 8 |  8.4
Fighting       | 6 7 |  7.0

Action                   |  1- 3 |  4- 6 |  7- 9 | 10-12 || total
-------------------------+-------+-------+-------+-------++-------
Melee: Flail             |    58 |       |   351 |       ||   409
       Whip              |    56 |   393 |   162 |       ||   611
       Morningstar       |       |       |   291 |    58 ||   349
       Dire flail        |       |       |    11 |       ||    11
  Use: Potion            |       |     2 |       |       ||     2
       Scroll            |       |       |    11 |     3 ||    14
 Stab: Invisible         |       |     1 |       |       ||     1
  Eat: Fruit             |     2 |       |     2 |       ||     4
       Chunk             |     1 |     8 |    26 |     1 ||    36
       Beef jerky        |     1 |       |     1 |       ||     2
       Royal jelly       |       |       |     1 |       ||     1
Armor: Scale mail        |    40 |    44 |       |       ||    84
       Chain mail        |       |   204 |   665 |    37 ||   906
Dodge: Dodged            |    28 |    97 |   364 |    37 ||   526
Block: Shield            |    55 |   152 |       |       ||   207

Vault maps used:
D:1:      lordsloth_arrival_two_stooges, item_on_display_a
D:2:      first_bread, minmay_tree_intersection
D:3:      lemuel_round_altar, uniq_sigmund, uniq_crazy_yiuf_cottage
D:4:      gammafunk_temple_overflow_wave, uniq_natasha
D:5:      nrook_uturn, uniq_blork_the_orc
D:6:      vehumet_crystals, serial_shops, kennysheep_mini,
          lightli_sewer_entry_pipes
D:7:      basic_altar
D:8:      lemuel_doored_altar, minmay_lair_entry_lava, basic_altar,
          serial_bayou, serial_bayou_shore_b, serial_bayou_shore_a,
          serial_bayou_pond_a, serial_bayou_pond_a, feat_on_display
D:9:      minmay_opposing_rooms
Temple:   nicolae_temple_x_marks_the_god
Lair:1:   kennysheep_abandoned_house, grunt_megastairs_1
Sewer:    kennysheep_pipe_town

Table legend:
 A = Turns spent in this place as a percentage of turns spent in the entire game.
 B = Non-inter-level travel turns spent in this place as a percentage of non-inter-level travel turns spent in the entire game.
 C = Inter-level travel turns spent in this place as a percentage of turns spent in this place.
 D = Turns resting spent in this place as a percentage of non-inter-level travel turns spent in this place.
 E = Turns spent auto-exploring this place as a percentage of non-inter-level travel turns spent in this place.
 F = Non-inter-level travel turns spent in this place divided by the number of levels of this place that you've seen.
                   A       B       C       D       E      F
               +-------+-------+-------+-------+-------+----------------------
         Total | 100.0 | 100.0 |   0.5 |   1.8 |   6.4 | 267.5
       Dungeon |  86.8 |  86.7 |   0.6 |   2.1 |   6.6 | 309.3
        Temple |   1.9 |   1.9 |   0.0 |   0.0 |   1.7 |  60.0
          Lair |   2.6 |   2.6 |   0.0 |   0.0 |   1.2 |  84.0
         Sewer |   8.7 |   8.8 |   0.0 |   0.0 |   6.4 | 282.0
               +-------+-------+-------+-------+-------+----------------------

Table legend:
 A = Kills in this place as a percentage of kills in entire the game.
 B = Kills by you in this place as a percentage of kills by you in the entire game.
 C = Kills by friends in this place as a percentage of kills by friends in the entire game.
 D = Other kills in this place as a percentage of other kills in the entire game.
 E = Experience gained in this place as a percentage of experience gained in the entire game.
 F = Experience gained in this place divided by the number of levels of this place that you have seen.
                   A       B       C       D       E      F
               +-------+-------+-------+-------+-------+----------------------
         Total | 100.0 | 100.0 |  -nan |  -nan | 100.0 | 459.8
       Dungeon |  88.3 |  88.3 |  -nan |  -nan |  92.2 | 565.3
          Lair |   0.5 |   0.5 |  -nan |  -nan |   1.9 | 105.0
         Sewer |  11.2 |  11.2 |  -nan |  -nan |   5.9 | 325.0
               +-------+-------+-------+-------+-------+----------------------
